[Event "Titled Tuesday Blitz October 18 Late 2022"]
[White "Bispo, Leonardo"]
[Black "Bach, Matthias"]
[WhiteFideId "2107899"]
[BlackFideId "4603168"]
[WhiteElo "2253"]
[BlackElo "2165"]
[Result "1-0"]
[Round "02"]
[TimeControl "180+1"]
[Date "2022.10.19"]
[WhiteClock "0:01:40"]
[BlackClock "0:01:16"]

1. d4 Nf6 2. Nf3 c5 3. c4 cxd4 4. Nxd4 e5 5. Nc2 d5 6. cxd5 Qxd5 7. Qxd5 Nxd5 8. e4 Nb4 9. Nxb4 Bxb4+ 10. Bd2 Nc6 11. Bb5 Bd7 12. Bxc6 Bxd2+ 13. Kxd2 Bxc6 14. Nc3 O-O-O+ 15. Ke3 Rd4 16. Rhd1 Rhd8 17. f3 Rxd1 18. Rxd1 Rxd1 19. Nxd1 Kd7 20. Nf2 Kd6 21. Kd3 Bb5+ 22. Kd2 Bf1 23. g3 g6 24. Ng4 f5 25. Ne3 Bh3 26. Nc4+ Ke6 27. Ke3 Bf1 28. Na5 Ba6 29. Nb3 b6 30. Nd2 Bb5 31. f4 exf4+ 32. gxf4 fxe4 33. Nxe4 h6 34. Kd4 Bc6 35. Ng3 Bf3 36. a3 h5 37. h4 Bd1 38. Ke4 Bc2+ 39. Ke3 Bd1 40. Kd4 Bc2 41. b4 Bb3 42. Kd3 Bd1 43. Ke4 Bc2+ 44. Kd4 Bd1 45. Kc4 Ba4 46. Kc3 Bb5 47. Kd4 Ba4 48. Ke3 Bb5 49. Ne4 Ba4 50. Nc3 Bc2 51. Kf3 Bd3 52. Kf2 Bc2 53. Kg3 Bd3 54. Kf3 Bc4 55. Ke4 Bf1 56. a4 Bc4 57. a5 bxa5 58. bxa5 a6 59. Na4 Bf1 60. Nc5+ Kf6 61. Nd7+ Ke6 62. Ne5 Kf6 63. Kf3 Bb5 64. Kg3 Bf1 65. Nf3 Bb5 66. Nd4 Bc4 67. Kf3 Bf1 68. Ke4 Bc4 69. Ke3 Bf1 70. Kf3 Bc4 71. Ke4 Bf1 72. Kd5 Bd3 73. Kc5 Bf1 74. Kb6 Be2 75. Nc6 Kf5 76. Nb4 Kxf4 77. Nxa6 Kg3 78. Nc7 Kxh4 79. Nb5 g5 80. a6 g4 81. a7 Bf3 82. Nd4 Ba8 83. Kc7 g3 84. Kb8 g2 85. Kxa8 g1=Q 86. Nf3+ Kg3 87. Nxg1 1-0


[Site "https://www.chess.com"]

[Event "Titled Tuesday Blitz October 18 Late 2022"]
[White "Bjelobrk, Igor"]
[Black "Sanchez, Robert"]
[WhiteFideId "4300726"]
[BlackFideId "2034360"]
[WhiteElo "2335"]
[BlackElo "2379"]
[Result "1-0"]
[Round "02"]
[TimeControl "180+1"]
[Date "2022.10.19"]
[WhiteClock "0:00:12"]
[BlackClock "0:00:01"]

1. Nf3 d5 2. c4 e6 3. d4 Be7 4. g3 Nf6 5. Bg2 O-O 6. O-O c6 7. Qc2 Nbd7 8. Rd1 Ne4 9. Nc3 f5 10. Rb1 a5 11. a3 Qe8 12. b4 axb4 13. axb4 Qh5 14. b5 g5 15. Bb2 g4 16. Nd2 Nxd2 17. Rxd2 Rf6 18. Rdd1 Rh6 19. Ra1 Qxh2+ 20. Kf1 Rb8 21. Bc1 Rg6 22. Bf4 h5 23. Bxb8 Nxb8 24. Ra8 h4 25. Rxb8 h3 26. Rxc8+ Kf7 27. Bf3 gxf3 28. exf3 Rxg3 29. Ke2 Qg2 30. Qd3 h2 31. bxc6 bxc6 32. Rxc6 Rh3 33. cxd5 h1=Q 34. Rxh1 Rxh1 35. dxe6+ Kg6 36. Qe3 Qf1+ 37. Kd2 Qc1+ 38. Kd3 Qf1+ 39. Kc2 Rh2 40. Nd1 Rh1 41. Qd3 Qe1 42. Rc7 Bf6 43. e7 1-0


[Site "https://www.chess.com"]

[Event "Titled Tuesday Blitz October 18 Late 2022"]
[White "Bluebaum, Matthias"]
[Black "Sargsyan, Anna M."]
[WhiteFideId "24651516"]
[BlackFideId "13308130"]
[WhiteElo "2633"]
[BlackElo "2284"]
[Result "1-0"]
[Round "02"]
[TimeControl "180+1"]
[Date "2022.10.18"]
[WhiteClock "0:01:58"]
[BlackClock "0:00:11"]

1. d4 d5 2. c4 c6 3. Nc3 Nf6 4. Nf3 dxc4 5. e4 b5 6. Qc2 e6 7. Be2 Be7 8. O-O O-O 9. e5 Nd5 10. Ne4 h6 11. b3 cxb3 12. axb3 Bb7 13. Bd2 a5 14. Qc1 f5 15. exf6 Nxf6 16. Nc5 Bc8 17. Ne5 Qxd4 18. Ncd3 Nd5 19. Ng6 Rf7 20. Nde5 Rf5 21. Be3 Qb4 22. Nxc6 Nxc6 23. Qxc6 Rb8 24. Ba7 Bb7 25. Qxe6+ 1-0


[Site "https://www.chess.com"]

[Event "Titled Tuesday Blitz October 18 Late 2022"]
[White "Bortnyk, Olexandr"]
[Black "Zverev, Lev"]
[WhiteFideId "14120828"]
[BlackFideId "24250775"]
[WhiteElo "2723"]
[BlackElo "2207"]
[Result "1-0"]
[Round "02"]
[TimeControl "180+1"]
[Date "2022.10.18"]
[WhiteClock "0:01:15"]
[BlackClock "0:00:43"]

1. d4 d5 2. Nc3 Nf6 3. Bf4 a6 4. e3 e6 5. Nf3 Bd6 6. Ne5 O-O 7. Bd3 c5 8. Qf3 Nc6 9. Qh3 cxd4 10. exd4 Nxd4 11. Ng4 Nf5 12. Nxf6+ gxf6 13. Bxf5 exf5 14. Qg3+ Kh8 15. Bxd6 Re8+ 16. Kf1 Rg8 17. Bc7 Qf8 18. Qd6 Qg7 19. g3 Be6 20. Qf4 Rac8 21. Rd1 Qg6 22. f3 Qh5 23. Kf2 Qh3 24. Nxd5 Bxd5 25. Rxd5 Rge8 26. Rd2 Re6 27. Ba5 Rce8 28. Bc3 Kg8 29. Qh4 Re2+ 30. Rxe2 Rxe2+ 31. Kxe2 Qg2+ 32. Ke3 Qxh1 33. Qxf6 Qc1+ 34. Kd4 Qd1+ 35. Kc5 Kf8 36. Qd6+ 1-0


[Site "https://www.chess.com"]

[Event "Titled Tuesday Blitz October 18 Late 2022"]
[White "Boyer, Mahel"]
[Black "Adewumi, Tanitoluwa"]
[WhiteFideId "45102422"]
[BlackFideId "30966396"]
[WhiteElo "2778"]
[BlackElo "2530"]
[Result "0-1"]
[Round "02"]
[TimeControl "180+1"]
[Date "2022.10.19"]
[WhiteClock "0:00:03"]
[BlackClock "0:00:13"]

1. d4 Nf6 2. c4 e6 3. Nc3 Bb4 4. Qc2 O-O 5. a3 Bxc3+ 6. Qxc3 b6 7. f3 Bb7 8. e4 d6 9. Nh3 Nbd7 10. Bd3 c5 11. Nf2 cxd4 12. Qxd4 Nc5 13. Bc2 Rc8 14. O-O d5 15. e5 Nfd7 16. Nh3 f6 17. exf6 Qxf6 18. Qxf6 Nxf6 19. cxd5 Bxd5 20. Nf4 Nb3 21. Bxb3 Bxb3 22. Bd2 e5 23. Nh3 Nd5 24. Rac1 h6 25. Nf2 Rfd8 26. Rfe1 Rxc1 27. Rxc1 Nf4 28. Bxf4 exf4 29. Ne4 Rd7 30. Kf2 Bd5 31. Rd1 Kf7 32. Nc3 Ke6 33. h4 g6 34. Ne2 Ke5 35. Rd2 Rc7 36. Nd4 Bc4 37. Nc2 Ba6 38. Ne1 Rc1 39. h5 gxh5 40. Rd8 h4 41. Re8+ Kf6 42. Rf8+ Kg5 43. Rg8+ Kh5 44. Rf8 h3 45. gxh3 Kg5 46. Rg8+ Kh4 47. Rg4+ Kxh3 48. Rxf4 h5 49. Rf5 h4 50. Rh5 Rd1 51. Rh8 Rd2+ 52. Kg1 Re2 53. Ng2 Rxg2+ 54. Kh1 Rf2 55. Rf8 Rf1# 0-1


[Site "https://www.chess.com"]

[Event "Titled Tuesday Blitz October 18 Late 2022"]
[White "Brown, Andrew"]
[Black "Aggelis, Nikolaos"]
[WhiteFideId "3206513"]
[BlackFideId "4213220"]
[WhiteElo "2245"]
[BlackElo "2187"]
[Result "0-1"]
[Round "02"]
[TimeControl "180+1"]
[Date "2022.10.19"]
[WhiteClock "0:00:10"]
[BlackClock "0:00:32"]

1. d4 c5 2. dxc5 e5 3. e4 Bxc5 4. Nf3 Nc6 5. Bc4 Nf6 6. O-O h6 7. Nc3 O-O 8. a3 a5 9. h3 d6 10. Qd3 Be6 11. Rd1 Qe7 12. Nd5 Bxd5 13. Bxd5 Nxd5 14. Qxd5 Rad8 15. Be3 Bxe3 16. fxe3 Qf6 17. Rd3 Rd7 18. Rad1 Rc8 19. c4 b6 20. Qb5 Qd8 21. b4 axb4 22. axb4 Qc7 23. c5 bxc5 24. bxc5 Rb8 25. Qa4 Rbd8 26. cxd6 Rxd6 27. Rd5 Rxd5 28. exd5 Ne7 29. e4 Nc8 30. Qa1 f6 31. Rc1 Qb6+ 32. Kh2 Nd6 33. Rc6 Qf2 34. Qa5 Rb8 35. Rxd6 Rb2 36. Ne1 Qf4+ 37. Kg1 Qe3+ 38. Kh1 Rb1 39. Rd8+ Kh7 40. d6 Rxe1+ 41. Kh2 Qf4+ 0-1


[Site "https://www.chess.com"]

[Event "Titled Tuesday Blitz October 18 Late 2022"]
[White "Bulgurlu, Okan"]
[Black "Goncalves, Davi Sulzbacher"]
[WhiteFideId "6352316"]
[BlackFideId "2154510"]
[WhiteElo "2156"]
[BlackElo "2182"]
[Result "0-1"]
[Round "02"]
[TimeControl "180+1"]
[Date "2022.10.19"]
[WhiteClock "0:01:53"]
[BlackClock "0:02:15"]

1. e4 c6 2. b3 d5 3. exd5 cxd5 4. Bb2 Nf6 5. g3 Nc6 6. Bg2 Bf5 7. Ne2 e6 8. O-O Bc5 9. d3 O-O 10. Nd2 Qe7 11. a3 a5 12. h3 Bg6 13. Re1 Qc7 14. Nf4 Rfe8 15. Bxf6 gxf6 16. h4 h6 17. Nxg6 Qxg3 18. Qg4 Qxg4 0-1


[Site "https://www.chess.com"]

[Event "Titled Tuesday Blitz October 18 Late 2022"]
[White "Caputcuoglu, Zeki Berke"]
[Black "Sadhwani, Raunak"]
[WhiteFideId "34548610"]
[BlackFideId "35093487"]
[WhiteElo "2270"]
[BlackElo "2656"]
[Result "0-1"]
[Round "02"]
[TimeControl "180+1"]
[Date "2022.10.18"]
[WhiteClock "0:00:13"]
[BlackClock "0:00:39"]

1. e4 Nc6 2. Nf3 d6 3. d4 g6 4. Be3 Bg7 5. Nc3 Bg4 6. d5 Ne5 7. Be2 Nxf3+ 8. Bxf3 Bxf3 9. Qxf3 Nf6 10. g4 O-O 11. h4 h5 12. gxh5 Nxh5 13. O-O-O c6 14. Rdg1 cxd5 15. exd5 Rc8 16. Rg5 Rc4 17. Ne4 Qa5 18. Kb1 Rfc8 19. c3 Ra4 20. Rxh5 Rxa2 21. Bd2 Qa4 0-1


[Site "https://www.chess.com"]

[Event "Titled Tuesday Blitz October 18 Late 2022"]
[White "Castellanos Gomez, Alejandro"]
[Black "Suleymanli, Aydin"]
[WhiteFideId "22284141"]
[BlackFideId "13413937"]
[WhiteElo "2168"]
[BlackElo "2481"]
[Result "0-1"]
[Round "02"]
[TimeControl "180+1"]
[Date "2022.10.18"]
[WhiteClock "0:00:02"]
[BlackClock "0:00:09"]

1. d4 e6 2. Bf4 b6 3. e3 Bb7 4. Nf3 g6 5. Nbd2 Bg7 6. Be2 Nf6 7. O-O O-O 8. h3 d6 9. a4 a6 10. Re1 Nc6 11. Bf1 h6 12. c3 Qe7 13. Bh2 e5 14. e4 Nh5 15. Nc4 Rfd8 16. Ne3 Qd7 17. dxe5 Nxe5 18. Nxe5 dxe5 19. Qc2 Nf4 20. Rad1 Qe7 21. Bxf4 exf4 22. Nd5 Qe5 23. Qc1 g5 24. Bc4 b5 25. axb5 axb5 26. Bb3 c6 27. Nb4 c5 28. Bd5 cxb4 29. Bxb7 Rxd1 30. Rxd1 Rb8 31. cxb4 Kh7 32. Rd7 Rf8 33. Bd5 f3 34. gxf3 Kg6 35. Qc6+ Bf6 36. b3 h5 37. Qxb5 g4 38. fxg4 hxg4 39. Qe2 Qa1+ 40. Qf1 Qc3 41. hxg4 Be5 42. Rb7 Rh8 43. Rb6+ Kg5 44. Rc6 Bh2+ 45. Kh1 Qf3+ 46. Qg2 Qd1+ 0-1


[Site "https://www.chess.com"]

[Event "Titled Tuesday Blitz October 18 Late 2022"]
[White "Chan, Kim Yew"]
[Black "Tarnowska, Aleksandra"]
[WhiteFideId "5717981"]
[BlackFideId "1180967"]
[WhiteElo "2206"]
[BlackElo "1776"]
[Result "1-0"]
[Round "02"]
[TimeControl "180+1"]
[Date "2022.10.19"]
[WhiteClock "0:00:17"]
[BlackClock "0:00:10"]

1. Nf3 d5 2. e3 Nf6 3. c4 e6 4. b3 Be7 5. Bb2 O-O 6. Be2 b6 7. O-O Bb7 8. Nc3 c5 9. cxd5 Nxd5 10. Rc1 Nd7 11. Nxd5 Bxd5 12. d4 Nf6 13. Ne5 Ne4 14. f3 Nf6 15. e4 Bb7 16. Qd2 Rc8 17. Rfd1 h6 18. Kf1 Nh5 19. dxc5 Bxc5 20. Nd7 Qh4 21. Nxc5 bxc5 22. Kg1 Rfd8 23. Qe3 Rxd1+ 24. Rxd1 Nf4 25. Bf1 Qg5 26. Kh1 Ba6 27. g3 Bxf1 28. Rxf1 Nh3 29. Qxg5 Nxg5 30. h4 Nh7 31. Rd1 Nf6 32. Kg2 Kf8 33. Kf2 Ke7 34. Ke3 Rd8 35. Rxd8 Kxd8 36. Bxf6+ gxf6 37. Kf4 Kd7 38. Kg4 a5 39. Kh5 a4 40. Kxh6 Kc6 41. h5 axb3 42. axb3 Kb5 43. Kg7 Kb4 44. h6 Kxb3 45. h7 c4 46. h8=Q c3 47. Qh1 c2 48. Qc1 f5 49. exf5 exf5 50. Kxf7 Kc3 51. f4 Kd3 52. Kf6 1-0


[Site "https://www.chess.com"]

[Event "Titled Tuesday Blitz October 18 Late 2022"]
[White "Coelho, Ramyres Santana"]
[Black "De La Colina, Nicolas"]
[WhiteFideId "2120690"]
[BlackFideId "30946921"]
[WhiteElo "1888"]
[BlackElo "2046"]
[Result "0-1"]
[Round "02"]
[TimeControl "180+1"]
[Date "2022.10.19"]
[WhiteClock "0:00:10"]
[BlackClock "0:00:19"]

1. e4 c5 2. Nf3 Nc6 3. d4 cxd4 4. c3 Nf6 5. e5 Nd5 6. cxd4 d6 7. Nc3 dxe5 8. dxe5 Nxc3 9. Qxd8+ Nxd8 10. bxc3 g6 11. Ba3 Bg7 12. Bb5+ Nc6 13. Rd1 Bd7 14. O-O Rc8 15. Rfe1 a6 16. Bxc6 Bxc6 17. e6 f6 18. Nd4 Ba4 19. Rb1 b5 20. Bb4 f5 21. Rbd1 Bxd1 22. Rxd1 Bf6 23. Ne2 O-O 24. g3 Rfd8 25. Nd4 Kf8 26. Ba5 Rd5 27. Kg2 Rc4 28. h4 b4 29. Bxb4 Rxb4 30. cxb4 Rxd4 31. Rxd4 Bxd4 32. a4 Kg7 33. Kf3 Kf6 34. b5 axb5 35. axb5 Kxe6 36. h5 Bb6 37. hxg6 hxg6 38. Ke2 Kd5 39. f3 e5 40. g4 Kc4 41. gxf5 gxf5 42. Kf1 Kxb5 43. Kg2 Be3 44. Kg3 Kc4 45. Kh4 f4 46. Kg4 Bd4 47. Kf5 Kd3 48. Kg5 Ke3 49. Kg4 Kf2 50. Kh3 Kxf3 51. Kh2 e4 52. Kh1 Be5 53. Kg1 Bh8 54. Kf1 e3 55. Ke1 Ke4 56. Kf1 f3 57. Ke1 Kf4 58. Kf1 Kg3 59. Kg1 e2 60. Kh1 e1=Q# 0-1


[Site "https://www.chess.com"]

[Event "Titled Tuesday Blitz October 18 Late 2022"]
[White "Diaz Rosas, Julio Cesar"]
[Black "Koziorowicz, Michal"]
[WhiteFideId "5105099"]
[BlackFideId "21809194"]
[WhiteElo "2525"]
[BlackElo "2772"]
[Result "0-1"]
[Round "02"]
[TimeControl "180+1"]
[Date "2022.10.19"]
[WhiteClock "0:00:36"]
[BlackClock "0:00:33"]

1. e4 c5 2. Nf3 d6 3. d4 cxd4 4. Nxd4 Nf6 5. Nc3 g6 6. Be3 Bg7 7. f3 O-O 8. Qd2 Nc6 9. O-O-O d5 10. Nxc6 bxc6 11. Bh6 Rb8 12. e5 Bxh6 13. Qxh6 Nd7 14. h4 Nxe5 15. h5 Bf5 16. g4 f6 17. Qe3 Be6 18. hxg6 hxg6 19. f4 Qb6 20. Qxb6 axb6 21. fxe5 fxe5 22. Re1 e4 23. Rg1 Rf2 24. Nd1 Rf4 25. Be2 d4 26. b3 Bd5 27. Bc4 b5 28. Bxd5+ cxd5 29. Rg2 e5 30. g5 Kf7 31. Nf2 Ke6 32. Rh1 Rbf8 33. Nd1 e3 34. a4 Rf1 35. Rxf1 Rxf1 36. a5 e4 37. Re2 b4 38. a6 Rf7 39. c3 bxc3 40. b4 Kd6 41. Nxe3 dxe3 42. Rxe3 d4 43. Rxe4 Kd5 44. Re8 d3 45. Kb1 Rf1+ 46. Ka2 c2 47. a7 Ra1+ 48. Kxa1 c1=Q+ 49. Ka2 Qc4+ 50. Kb2 Qxb4+ 51. Kc1 Qc3+ 52. Kb1 Qc2+ 53. Ka1 Qa4+ 0-1


[Site "https://www.chess.com"]

[Event "Titled Tuesday Blitz October 18 Late 2022"]
[White "Djokic, Mihailo"]
[Black "Moaataz, Ayah"]
[WhiteFideId "976440"]
[BlackFideId "10615873"]
[WhiteElo "2315"]
[BlackElo "1993"]
[Result "1-0"]
[Round "02"]
[TimeControl "180+1"]
[Date "2022.10.19"]
[WhiteClock "0:02:13"]
[BlackClock "0:01:33"]

1. e4 c6 2. d4 d5 3. e5 Bf5 4. h4 h5 5. Bg5 Qb6 6. Bd3 Bxd3 7. Qxd3 e6 8. Nd2 Be7 9. Bxe7 Nxe7 10. c4 Nf5 11. Ne2 Nd7 12. b3 Qd8 13. g3 Qe7 14. O-O O-O 15. Rfc1 g6 16. Rc3 Rfe8 17. Rac1 Rad8 18. cxd5 exd5 19. Nf4 Nf8 20. Nf3 Qb4 21. Nxh5 Re6 22. Nf6+ Kg7 23. Ng5 Rxf6 24. exf6+ Kxf6 25. a3 Qxd4 26. Qf3 Kg7 27. Re1 Nd7 28. g4 Ne5 29. Rxe5 Qxe5 30. gxf5 gxf5 31. Re3 Qa1+ 32. Kg2 Qf6 33. Qf4 d4 34. Rg3 Kh8 35. Nxf7+ Qxf7 36. Qh6+ Qh7 37. Qf6+ 1-0


[Site "https://www.chess.com"]

[Event "Titled Tuesday Blitz October 18 Late 2022"]
[White "Domingo Nunez, Ruben"]
[Black "Deac, Bogdan-Daniel"]
[WhiteFideId "22245570"]
[BlackFideId "1226380"]
[WhiteElo "2406"]
[BlackElo "2648"]
[Result "0-1"]
[Round "02"]
[TimeControl "180+1"]
[Date "2022.10.18"]
[WhiteClock "0:00:21"]
[BlackClock "0:00:47"]

1. c4 Nf6 2. Nf3 g6 3. g3 b6 4. Bg2 Bb7 5. O-O Bg7 6. d4 c5 7. d5 b5 8. cxb5 Bxd5 9. Nc3 Bb7 10. Bg5 d6 11. Re1 Nbd7 12. e4 h6 13. Bf4 g5 14. Bxd6 exd6 15. e5 Ng8 16. e6 fxe6 17. Qxd6 Nf8 18. Qxc5 Qb6 19. Qc4 Rc8 20. Qg4 Nf6 21. Qf5 Kf7 22. Ne5+ Kg8 23. Qg6 Nxg6 0-1


[Site "https://www.chess.com"]

[Event "Titled Tuesday Blitz October 18 Late 2022"]
[White "Droin, Augustin"]
[Black "miragha_yev"]
[WhiteFideId "45105987"]
[WhiteElo "2516"]
[BlackElo "2754"]
[Result "0-1"]
[Round "02"]
[TimeControl "180+1"]
[Date "2022.10.19"]
[WhiteClock "0:00:44"]
[BlackClock "0:00:34"]

1. e4 g6 2. d4 Nf6 3. e5 Nh5 4. Nf3 d6 5. h3 Nc6 6. exd6 cxd6 7. c3 Bg7 8. Be2 O-O 9. O-O e5 10. dxe5 dxe5 11. Nbd2 Nf4 12. Bc4 Bxh3 13. gxh3 Nxh3+ 14. Kh2 Nf4 15. Ne4 Qc8 16. Bxf4 exf4 17. Nfg5 Ne5 18. Bxf7+ Nxf7 19. Nxf7 Rxf7 20. Nd6 Qc5 21. Nxf7 Kxf7 22. Qf3 Qc7 23. Rad1 Re8 24. Rfe1 Rxe1 25. Rxe1 Be5 26. Qd5+ Kf6 27. f3 Qe7 28. c4 b6 29. b4 Qd6 30. Qe4 Bc3 31. c5 bxc5 32. bxc5 Qxc5 33. Qxf4+ Kg7 34. Re2 h5 35. Kg2 Bf6 36. Rd2 Qe7 37. Qa4 Qe5 38. Qxa7+ Kh6 39. Qf2 Qg5+ 40. Kf1 Qf5 41. Re2 h4 42. f4 Qd5 43. Qh2 Qf3+ 44. Ke1 h3 45. Kd2 Bc3+ 46. Kc2 Bd4 47. f5 Qxf5+ 48. Kd2 Qf3 49. Qd6 Bc3+ 50. Kc2 Qxe2+ 51. Kxc3 h2 52. Qf8+ Kh5 53. Qh8+ Kg4 54. Qd4+ Kf3 55. Qd5+ Qe4 56. Qd1+ Kg3 57. Qd6+ Kh3 58. Qd7+ Qg4 59. Qh7+ Kg2 60. Qd7 Qxd7 0-1


[Site "https://www.chess.com"]

[Event "Titled Tuesday Blitz October 18 Late 2022"]
[White "Drost, Peter"]
[Black "Eisen, Zane"]
[WhiteFideId "1017896"]
[BlackFideId "2098750"]
[WhiteElo "2407"]
[BlackElo "2036"]
[Result "1-0"]
[Round "02"]
[TimeControl "180+1"]
[Date "2022.10.19"]
[WhiteClock "0:00:45"]
[BlackClock "0:00:14"]

1. e4 c5 2. Nf3 d6 3. d4 cxd4 4. Nxd4 Nf6 5. Nc3 g6 6. Be3 Bg7 7. f3 O-O 8. Qd2 Nc6 9. O-O-O Nxd4 10. Bxd4 Be6 11. h4 Qa5 12. h5 Rfc8 13. a3 Rab8 14. Kb1 b5 15. h6 Bh8 16. Bxf6 Bxf6 17. Nd5 Qxd2 18. Nxf6+ exf6 19. Rxd2 b4 20. a4 f5 21. Rxd6 fxe4 22. fxe4 Rd8 23. Rxd8+ Rxd8 24. Bd3 Kf8 25. Kc1 Ke7 26. Rf1 Bb3 27. Rf2 Bxa4 28. b3 Bd7 29. Kd2 a5 30. Ke3 a4 31. bxa4 Bxa4 32. Bc4 Be8 33. Bb3 f6 34. Rd2 Rxd2 35. Kxd2 g5 36. Ke3 Bg6 37. Kd4 Kd6 38. g3 Kc6 39. Ba4+ Kd6 40. Bb5 f5 41. e5+ Ke6 42. Bc4+ Ke7 43. Bd3 Ke6 44. g4 Kf7 45. gxf5 Bh5 46. f6 Bg6 47. Bc4+ Kf8 48. Bb3 g4 49. Ke3 1-0


[Site "https://www.chess.com"]

[Event "Titled Tuesday Blitz October 18 Late 2022"]
[White "Dzierzak, Radoslaw"]
[Black "Bongo Akanga Ndjila, Barthelemy"]
[WhiteFideId "1161407"]
[BlackFideId "10609431"]
[WhiteElo "2111"]
[BlackElo "1768"]
[Result "1-0"]
[Round "02"]
[TimeControl "180+1"]
[Date "2022.10.19"]
[WhiteClock "0:00:50"]
[BlackClock "0:01:03"]

1. e4 c6 2. Nf3 d5 3. Nc3 Bg4 4. d4 e6 5. h3 Bxf3 6. Qxf3 Nf6 7. Bd3 dxe4 8. Nxe4 Qxd4 9. Be3 Qxb2 10. O-O Be7 11. Rab1 Qxa2 12. Rxb7 Nbd7 13. Nxf6+ Bxf6 14. Qxc6 Rd8 15. Bb5 Qd5 16. Rxd7 Rxd7 17. Qc8+ Bd8 18. Bc6 Qd6 19. Bc5 Qd2 20. Rb1 a5 21. Rb7 Qc1+ 22. Kh2 Qf4+ 23. g3 Qxf2+ 24. Bxf2 1-0


[Site "https://www.chess.com"]

[Event "Titled Tuesday Blitz October 18 Late 2022"]
[White "Ekdyshman, Mikhail"]
[Black "Sibilio, Mario"]
[WhiteFideId "4149416"]
[BlackFideId "800422"]
[WhiteElo "2164"]
[BlackElo "2296"]
[Result "1-0"]
[Round "02"]
[TimeControl "180+1"]
[Date "2022.10.19"]
[WhiteClock "0:00:06"]
[BlackClock "0:00:01"]

1. c4 Nf6 2. g3 e6 3. Bg2 d5 4. d4 c5 5. cxd5 exd5 6. Nf3 Nc6 7. O-O h6 8. Nc3 Bg4 9. Ne5 cxd4 10. Nxc6 bxc6 11. Qxd4 Be7 12. e4 dxe4 13. Qxd8+ Rxd8 14. Nxe4 Nd5 15. Bd2 O-O 16. Ba5 Rb8 17. b3 f5 18. Nc3 Nb4 19. Rac1 f4 20. Bxb4 Bxb4 21. Bxc6 fxg3 22. hxg3 Bh3 23. Bg2 Bf5 24. Nd5 Ba3 25. Rc7 a5 26. Ne7+ Bxe7 27. Rxe7 a4 28. bxa4 Rb2 29. Rd1 Bg4 30. Rf1 Be2 31. Re1 Bc4 32. f4 Rxa2 33. Rc7 Bf7 34. Ree7 Ra1+ 35. Kh2 Ra2 36. Kh3 g5 37. Rxf7 Rxf7 38. Bd5 Ra3 39. Rxf7 gxf4 40. Rxf4+ Kg7 41. Kg4 Kg6 42. Be4+ Kg7 43. Bf5 Ra1 44. Bd7 Rd1 45. Bb5 1-0


[Site "https://www.chess.com"]

[Event "Titled Tuesday Blitz October 18 Late 2022"]
[White "Eljanov, Pavel"]
[Black "Sivakumar, Shaaketh"]
[WhiteFideId "14102951"]
[BlackFideId "30940176"]
[WhiteElo "2601"]
[BlackElo "2174"]
[Result "1-0"]
[Round "02"]
[TimeControl "180+1"]
[Date "2022.10.18"]
[WhiteClock "0:00:28"]
[BlackClock "0:00:16"]

1. c4 e6 2. g3 Nf6 3. Bg2 g6 4. Nf3 Bg7 5. O-O O-O 6. b3 b6 7. Bb2 Bb7 8. d3 d6 9. Nbd2 Nbd7 10. b4 c5 11. a3 Qe7 12. e4 Rfd8 13. Qc2 Rac8 14. Rfe1 Ng4 15. Bxg7 Kxg7 16. h3 Nge5 17. Nh2 Nc6 18. Nb3 Qf6 19. b5 Nd4 20. Nxd4 cxd4 21. e5 Nxe5 22. Bxb7 Rc7 23. Bg2 d5 24. Ng4 Nxg4 25. hxg4 Rdc8 26. Bf1 Qg5 27. Qd1 dxc4 28. dxc4 e5 29. f4 exf4 30. Qxd4+ Kg8 31. Qxf4 Qc5+ 32. Qf2 Qg5 33. Re4 Rd7 34. Rae1 Kg7 35. Rd4 Rdc7 36. Rd5 Qxg4 37. Qd4+ Qxd4+ 38. Rxd4 h5 39. a4 Kf6 40. Kf2 Rc5 41. Re3 R8c7 42. Ree4 Kg5 43. Bg2 Rf5+ 44. Rf4 Re5 45. Bd5 f5 46. Rd2 Rce7 47. Kg2 Re3 48. Rf3 Re1 49. Rf1 R1e3 50. Rfd1 h4 51. gxh4+ Kxh4 52. Rd4+ Kg5 53. R1d2 Ra3 54. c5 bxc5 55. Rc4 Ree3 56. Kf2 f4 57. Bc6 Rad3 58. Rxc5+ Kg4 59. Bd7+ Kh4 60. Rxd3 Rxd3 61. Rc7 g5 62. Bc8 Rd2+ 63. Kf3 Rd3+ 64. Ke2 Ra3 65. Rh7+ Kg3 66. Rh3+ Kg2 67. Rxa3 1-0


[Site "https://www.chess.com"]

[Event "Titled Tuesday Blitz October 18 Late 2022"]
[White "Erdogdu, Mert"]
[Black "Decuigniere, Tom"]
[WhiteFideId "6301495"]
[BlackFideId "26093820"]
[WhiteElo "2763"]
[BlackElo "2521"]
[Result "1-0"]
[Round "02"]
[TimeControl "180+1"]
[Date "2022.10.19"]
[WhiteClock "0:00:27"]
[BlackClock "0:00:06"]

1. e4 c5 2. Nf3 g6 3. d4 cxd4 4. Qxd4 Nf6 5. Nc3 Nc6 6. Qa4 d6 7. e5 dxe5 8. Nxe5 Bg7 9. Bb5 O-O 10. Nxc6 bxc6 11. Bxc6 Rb8 12. O-O Bf5 13. Re1 a5 14. a3 Qb6 15. Bf3 e5 16. Rb1 e4 17. Nxe4 Nxe4 18. Bxe4 Bxe4 19. Qxe4 Qc5 20. Be3 Qb5 21. b4 a4 22. c4 Qd7 23. Red1 Qc8 24. c5 Re8 25. Qd5 h5 26. h3 h4 27. Qd7 Qa6 28. b5 Qf6 29. c6 Rxe3 30. fxe3 Qe5 31. c7 Qxe3+ 32. Kh1 Rf8 33. c8=Q Be5 34. Qxf8+ Kxf8 35. Re1 Qf4 36. Rxe5 Qxe5 37. Rd1 1-0


[Site "https://www.chess.com"]

[Event "Titled Tuesday Blitz October 18 Late 2022"]
[White "Fajdetic, Hrvoje"]
[Black "Reprintsev, Alexander"]
[WhiteFideId "14501945"]
[BlackFideId "14100541"]
[WhiteElo "2172"]
[BlackElo "2230"]
[Result "1/2-1/2"]
[Round "02"]
[TimeControl "180+1"]
[Date "2022.10.19"]
[WhiteClock "0:00:10"]
[BlackClock "0:00:15"]

1. d4 d5 2. Bf4 Nf6 3. e3 c5 4. Nc3 a6 5. dxc5 Qa5 6. a3 Qxc5 7. Nf3 Nc6 8. Be2 e6 9. O-O Be7 10. Ne5 O-O 11. Bf3 Rd8 12. Nxc6 bxc6 13. Qd4 Qxd4 14. exd4 c5 15. dxc5 Bxc5 16. Na4 Ba7 17. c4 Bd7 18. Nc3 Bd4 19. cxd5 Bxc3 20. bxc3 Nxd5 21. Bxd5 exd5 22. Rab1 Bb5 23. Rfe1 Rac8 24. Be5 Rc4 25. Rb4 f6 26. Bd4 Kf7 27. Reb1 Re8 28. f3 Re2 29. R4b2 Ra4 30. Rxe2 Bxe2 31. Rb7+ Kg6 32. Bc5 Rc4 33. Bb4 h5 34. Kf2 Bd1 35. Ke1 Ba4 36. Kd2 h4 37. Bf8 d4 38. Rxg7+ Kf5 39. g4+ Kf4 40. cxd4 Rxd4+ 41. Kc3 Rd8 42. Be7 Rc8+ 43. Kb4 Bb5 44. Bxf6 Kxf3 45. g5 Kg2 46. g6 Kxh2 47. Bxh4 Rc4+ 48. Ka5 Rxh4 49. Rh7 Kg3 50. g7 Ra4+ 51. Kb6 Bc4 52. Rh8 Rxa3 53. Kc5 Ba2 54. Kb4 Rb3+ 55. Ka4 Rb7 56. g8=Q+ Bxg8 57. Rxg8+ Kf4 58. Re8 Ra7 59. Ka5 Rf7 60. Kxa6 Kf5 61. Rb8 Rf6+ 62. Rb6 Rxb6+ 63. Kxb6 1/2-1/2


[Site "https://www.chess.com"]

[Event "Titled Tuesday Blitz October 18 Late 2022"]
[White "Fedoseev, Vladimir"]
[Black "Janaszak, Dawid"]
[WhiteFideId "24130737"]
[BlackFideId "1119206"]
[WhiteElo "2726"]
[BlackElo "2226"]
[Result "1-0"]
[Round "02"]
[TimeControl "180+1"]
[Date "2022.10.18"]
[WhiteClock "0:00:37"]
[BlackClock "0:00:30"]

1. d4 Nf6 2. c4 g6 3. Nc3 Bg7 4. e4 d6 5. Be2 O-O 6. Be3 Nbd7 7. f4 c5 8. Nf3 cxd4 9. Bxd4 e5 10. fxe5 dxe5 11. Be3 Ng4 12. Bg1 Bh6 13. h3 Ne3 14. Bxe3 Bxe3 15. Nd5 Bb6 16. b4 a5 17. c5 Ba7 18. a3 Nf6 19. Nxf6+ Qxf6 20. O-O Be6 21. Nd4 Qe7 22. Nxe6 Qxe6 23. Qd5 Qe7 24. Rad1 axb4 25. axb4 b6 26. Bc4 bxc5 27. b5 Rad8 28. Rxf7 1-0


[Site "https://www.chess.com"]